 Dungeon Crawl Stone Soup version 0.18-a0-1730-g73f0523 (webtiles) character file.

93 Ijustatesigmund the Skirmisher (level 4, -5/50 HPs)
             Began as an Ogre Hunter on Apr 10, 2016.
             Slain by a gnoll
             ... wielding a +1 whip of electrocution
              (20 damage)
             ... on level 2 of the Dungeon.
             The game lasted 00:03:53 (2786 turns).

Ijustatesigmund the Skirmisher (Ogre Hunter)        Turns: 2786, Time: 00:03:54

Health: -5/50      AC:  3    Str: 17    XL:     4   Next: 62%
Magic:  0/4        EV: 10    Int: 10    God:
Gold:   74         SH:  0    Dex: 11    Spells: 0 memorised, 3 levels left

rFire  . . .     SeeInvis .     g - +0 club
rCold  . . .     Gourm    .     b - +0 robe
rNeg   . . .     Faith    .     (no shield)
rPois  .         Spirit   .     (helmet restricted)
rElec  .         Dismiss  .     (no cloak)
rCorr  .         Reflect  .     (gloves unavailable)
SustAt .         Harm     .     (boots unavailable)
MR     .....                    (no amulet)
Stlth  +.........               (no ring)
                                (no ring)

@: not resistant to hostile enchantments, very unstealthy
A: unfitting armour, tough skin 1
a: no special abilities


You were on level 2 of the Dungeon.
You were not hungry.

You visited 1 branch of the dungeon, and saw 3 of its levels.

You collected 74 gold pieces.

Inventory:

Hand Weapons
 g - a +0 club (weapon)
Missiles
 c - 3 large rocks (quivered)
 d - 2 throwing nets
Armour
 b - a +0 robe (worn)
Jewellery
 i - an uncursed amulet of rage {unknown}
Scrolls
 l - a scroll of fear
 o - 2 scrolls of identify
Potions
 a - 3 potions of curing
 h - a potion of agility
 k - a potion of magic {unknown}
 m - a potion of cancellation {unknown}
Comestibles
 f - 2 bread rations
 j - a meat ration


   Skills:
 + Level 5.0 Fighting
 + Level 3.2 Maces & Flails
 - Level 4.0 Throwing
 - Level 1.7 Dodging
 - Level 0.7 Stealth


You had 3 spell levels left.
You didn't know any spells.

Dungeon Overview and Level Annotations

Branches:
Dungeon (3/15)

Altars:
Cheibriados
Kikubaaqudgha
Okawaru
Trog
Xom

Annotations:
D:2 Terence


Innate Abilities, Weirdness & Mutations

You are too large for most types of armour.
You have tough skin (AC +1).


Message History

You feel your power leaking away.
You hit the gnoll.
The gnoll is moderately wounded.
The gnoll closely misses you. The gnoll completely misses you.
The gnoll shouts!
You hit the gnoll.
The gnoll is moderately wounded.
The gnoll drinks a potion.
The gnoll suddenly seems more agile.
The gnoll closely misses you. The rat barely misses you.
The gnoll hits you from afar with an antimagic spear.
You closely miss the gnoll.
The gnoll is moderately wounded.
The gnoll hits you with a whip of electrocution.
The rat closely misses you. The gnoll closely misses you.
You hit the gnoll.
The gnoll is severely wounded.
The gnoll hits you with a whip of electrocution!
* * * LOW HITPOINT WARNING * * *
You are electrocuted!
You die...

*,,,,,* #...#.#..#.#####
*,,,,,* #........#.# *..,,,*
#..........#
*.....####.......#..#
*******........'.......#..#
*,,,,,,,....####.......#..#
*,,,,,,..##.####.......#..#
*,,,,,,................#.>#
*,,,,,,....ggg@........##.#
*,,,,,,..g...r..###....##.#
*,,,,,,.........#########.##
*,,,,,,(........##.........#
*,,,,,,..##+######.........#
*,,,,,,.,**,* #.....)...#
***********,* ########.##
*,* #.# *,* #.#


You could see 4 gnolls and a rat.

Vanquished Creatures
  Ijyb (D:3)
  2 adders (D:3)
  A worm (D:3)
  2 dart slugs (D:1)
  2 orcs (D:3)
  A bat (D:3)
  A giant cockroach (D:2)
  3 goblins
  6 hobgoblins
  7 jackals (D:1)
  A quokka (D:3)
  5 giant newts
  4 kobolds
  5 rats
41 creatures vanquished.

Notes
Turn   | Place    | Note
--------------------------------------------------------------
     0 | D:1      | Ijustatesigmund the Ogre Hunter began the quest for the Orb.
     0 | D:1      | Reached XP level 1. HP: 22/22 MP: 1/1
    57 | D:1      | Reached skill level 3 in Fighting
    72 | D:1      | Reached XP level 2. HP: 3/31 MP: 2/2
   368 | D:1      | Found a shimmering altar of Xom.
   737 | D:1      | Reached skill level 4 in Fighting
   821 | D:1      | Reached skill level 1 in Maces & Flails
   833 | D:1      | Reached XP level 3. HP: 9/39 MP: 3/3
  2021 | D:2      | Noticed Ijyb
  2026 | D:2      | Noticed Terence
  2063 | D:3      | Killed Ijyb
  2063 | D:3      | Reached XP level 4. HP: 29/49 MP: 4/4
  2214 | D:3      | Reached skill level 5 in Fighting
  2344 | D:3      | Found an ancient bone altar of Kikubaaqudgha.
  2367 | D:3      | Found an iron altar of Okawaru.
  2572 | D:3      | Found a bloodstained altar of Trog.
  2730 | D:2      | Found a snail-covered altar of Cheibriados.
  2786 | D:2      | Slain by a gnoll

Vault maps used:
D:1:      dpeg_arrival_shelter, serial_glass, glass_columns_b, glass_columns_a,
          glass_columns_a, glass_columns_a, glass_columns_a, glass_columns_b,
          xom_teletrap_fun
D:2:      cheibriados_altar_1, uniq_crazy_yiuf_cottage, uniq_terence, uniq_iyjb
D:3:      grunt_temple_overflow_open, lemuel_crystal_altar

Skill      XL: |  1  2  3  4 |
---------------+-------------+-----
Fighting       | 3 4 5 |  5.0
Maces & Flails | 1 2 3 |  3.2
Throwing       | |  4.0
Dodging        | |  1.7
Stealth        | |  0.7

Action                   |  1- 3 |  4- 6 || total
-------------------------+-------+-------++-------
Melee: Short sword       |    52 |       ||    52
       Club              |   160 |    44 ||   204
Throw: Large rock        |     3 |     4 ||     7
  Use: Scroll            |     2 |     4 ||     6
 Stab: Sleeping          |     1 |       ||     1
  Eat: Chunk             |     4 |     2 ||     6
